 Dungeon Crawl Stone Soup version 0.25-a0-890-g62861fb195 (webtiles) character file.

Game seed: 14726940686757532459, levelgen mode: deterministic

809 mortelune the Archer (level 7, -3/62 HPs)
             Began as a Centaur Hunter on May 2, 2020.
             Slain by an ogre
             ... wielding a +0 giant spiked club
              (14 damage)
             ... on level 5 of the Dungeon.
             The game lasted 00:08:38 (5143 turns).

mortelune the Archer (Centaur Hunter)               Turns: 5143, Time: 00:08:39

Health: -3/62      AC:  5    Str: 21    XL:     7   Next: 61%
Magic:  7/7        EV:  9    Int: 10    God:
Gold:   216        SH:  0    Dex:  9    Spells: 6/6 levels left

rFire    . . .     SeeInvis +   b - +0 trident
rCold    . . .     Gourm    .   (no shield)
rNeg     . . .     Faith    .   e - +0 ring mail
rPois    .         Spirit   .   (no helmet)
rElec    .         Reflect  .   (no cloak)
rCorr    .         Harm     .   (no gloves)
MR       .....                  (no barding)
Stlth    ..........             k - amulet of rage
HPRegen  0.20/turn              S - ring of see invisible
MPRegen  0.10/turn              q - +4 ring of strength

@: very quick
A: large, hooves 3, deformed body, speed 2, tough skin 3
a: Evoke Berserk Rage


You were on level 5 of the Dungeon.
You were near starving.

You visited 1 branch of the dungeon, and saw 5 of its levels.

You collected 216 gold pieces.

Inventory:

Hand Weapons
 a - a +1 shortbow
 b - a +0 trident (weapon)
 g - a +0 short sword
 u - a +2 short sword of draining
 v - a +1 trident of flaming
Missiles
 Q - 33 bolts
Armour
 c - a +0 leather armour
 e - a +0 ring mail (worn)
Jewellery
 k - an amulet of rage (around neck)
 q - a +4 ring of strength (right hand)
 S - a ring of see invisible (left hand)
Scrolls
 h - 2 scrolls of remove curse {unknown}
 i - a scroll of identify
 m - 2 scrolls of enchant weapon
 t - 2 scrolls of teleportation
Potions
 j - a potion of stabbing {unknown}
 l - a potion of invisibility {unknown}
 n - a potion of curing
 p - a potion of degeneration {unknown}
 r - a potion of flight {unknown}
 w - a potion of heal wounds {unknown}
Comestibles
 f - 10 rations


   Skills:
 + Level 5.8 Fighting
 + Level 2.9 Polearms
 + Level 9.0 Bows
 - Level 1.3 Dodging
 - Level 0.4 Stealth


You had 6 spell levels left.
You didn't know any spells.
Your spell library contained the following spells:

 Spells                   Type           Power        Failure   Level  Hunger
 Corona                   Hex            #......      54%         1    ##.....
 Ensorcelled Hibernation  Hex/Ice        #.....       67%         2    ###....
 Confusing Touch          Hex            #.......     88%         3    ####...
 Dazzling Flash           Conj/Hex       #.....       88%         3    ####...
 Tukima's Dance           Hex            #.......     88%         3    ####...


Dungeon Overview and Level Annotations

Branches:
Dungeon (5/15)
 Temple: D:4-7

Altars:
Vehumet
Yredelemnul

Annotations:
D:3 1 runed translucent door, Grinder


Innate Abilities, Weirdness & Mutations

You have hooves in place of feet.
Armour fits poorly on your strangely shaped body.
You cover ground very quickly.
You have extremely tough skin. (AC +3)


Message History

Okay, then.
Firing (i - inventory) No suitable missiles.
Press: ? - help, Shift-Dir - straight line, f/p - ogre
Aim: an ogre, wielding a +0 giant spiked club (almost dead)
Okay, then.
b - a +0 trident (weapon)
The ogre closely misses you.
You hit the ogre but do no damage. You kick the ogre.
The ogre is almost dead.
The ogre hits you with a +0 giant spiked club.
You barely miss the ogre.
The ogre is almost dead.
The ogre closely misses you.
You barely miss the ogre.
The ogre is almost dead.
You feel yourself speed up.
The ogre hits you with a +0 giant spiked club!!
* * * LOW HITPOINT WARNING * * *
The ogre hits you with a +0 giant spiked club!
You die...

#############
##.@...#.....##
##..O(.........##"..
#....)..........#)...
#.)..((.....(........
#<(..((......(.......
#....(.(.............
#.....(.........(....
#......()............
............)....#...(.


You could see an ogre.

Vanquished Creatures
  A water moccasin (D:4)
  An ogre (D:4)
  A centaur (D:5)
  2 hounds (D:4)
  2 orc priests
  3 orc wizards
  Natasha (thrice) (D:4)
  3 worker ants (D:4)
  9 adders
  A shadow imp (D:5)
  An ooze (D:4)
  A worm (D:2)
  3 dart slugs
  2 leopard geckos
  10 orcs
  4 ball pythons
  3 giant cockroaches
  10 goblins
  6 hobgoblins
  3 quokkas
  10 bats
  2 frilled lizards
  4 kobolds
  A kobold zombie (D:3)
  6 rats
92 creatures vanquished.

Notes
Turn   | Place    | Note
-------+----------+-------------------------------------------
     0 | D:1      | mortelune the Centaur Hunter began the quest for the Orb.
     0 | D:1      | Reached XP level 1. HP: 17/17 MP: 1/1
   442 | D:1      | Reached XP level 2. HP: 25/25 MP: 2/2
  1415 | D:1      | Reached skill level 6 in Bows
  1415 | D:1      | Reached XP level 3. HP: 26/30 MP: 3/3
  1735 | D:2      | Found a radiant altar of Vehumet.
  2168 | D:3      | Reached XP level 4. HP: 38/38 MP: 4/4
  2346 | D:3      | Found a runed translucent door.
  2346 | D:3      | Noticed a human
  2375 | D:3      | Found a basalt altar of Yredelemnul.
  2398 | D:3      | Noticed Grinder
  2816 | D:4      | Reached skill level 7 in Bows
  2819 | D:4      | Reached XP level 5. HP: 40/46 MP: 5/5
  3376 | D:4      | Noticed Natasha
  3384 | D:4      | Killed Natasha
  3476 | D:4      | Reached XP level 6. HP: 53/53 MP: 6/6
  3522 | D:4      | Reached skill level 1 in Polearms
  3522 | D:4      | Reached skill level 8 in Bows
  3749 | D:4      | Reached skill level 5 in Fighting
  3858 | D:4      | Noticed Natasha
  3861 | D:4      | Killed Natasha
  4050 | D:4      | Noticed Natasha
  4066 | D:4      | Killed Natasha
  4296 | D:5      | Entered Level 5 of the Dungeon
  4297 | D:5      | Noticed a water moccasin
  4318 | D:4      | Killed a water moccasin
  4318 | D:4      | Reached XP level 7. HP: 47/61 MP: 7/7
  5132 | D:5      | Reached skill level 9 in Bows
  5143 | D:5      | Slain by an ogre

Levels and vault maps discovered:
D:1:      minmay_arrival_pointy, layout_basic
D:2:      layout_rooms, old_standard_altar
D:3:      layout_basic, first_ration, dk_yredelemnul_ordeal, uniq_grinder
D:4:      minmay_wonky_spiral, layout_basic, uniq_natasha
D:5:      layout_rooms, elyvilon_altar_3, serial_shops, shop,
          kennysheep_opposing_triangles

Skill      XL: |  1  2  3  4  5  6  7 |
---------------+----------------------+-----
Bows           | 6 7 8 9 |  9.0
Fighting       | 3 4 5 |  5.8
Polearms       | 2 |  2.9
Dodging        | |  1.3
Stealth        | |  0.4

Action                   |  1- 3 |  4- 6 |  7- 9 || total
-------------------------+-------+-------+-------++-------
Melee: Short sword       |    89 |    13 |       ||   102
       Kick              |    12 |     2 |     3 ||    17
       Trident           |       |    10 |     5 ||    15
 Fire: Shortbow          |    51 |   184 |    40 ||   275
Throw: Dart              |       |       |     4 ||     4
  Use: Scroll            |       |     3 |       ||     3
  Eat: Chunk             |     3 |     5 |     1 ||     9
Armor: Ring mail         |    67 |    40 |     4 ||   111
Dodge: Dodged            |    59 |    46 |    14 ||   119

Table legend:
 A = Non-vault XP
 B = Vault XP
 C = Vault XP percentage of total XP
 D = Non-vault monster count
 E = Vault monster count
 F = Vault count percentage of total count
                 A         B        C        D         E       F
            +---------+---------+-------+---------+---------+-------
      Total |    1003 |     154 |  13.3 |      89 |       3 |   3.3
            +---------+---------+-------+---------+---------+-------
        D:1 |      50 |       0 |   0.0 |      21 |       0 |   0.0
        D:2 |      33 |       0 |   0.0 |      11 |       0 |   0.0
        D:3 |     132 |       1 |   0.8 |      27 |       1 |   3.6
        D:4 |     530 |     153 |  22.4 |      22 |       2 |   8.3
        D:5 |     258 |       0 |   0.0 |       8 |       0 |   0.0
            +---------+---------+-------+---------+---------+-------
